 Dungeon Crawl Stone Soup version 0.31-a0-700-gf13585253f (webtiles) character file.

Game seed: 6667490989335958309

337 qw the Shooter (level 6, -2/37 HPs)
             Began as a Gargoyle Hunter on Sept 7, 2023.
             Slain by a gnoll
             ... wielding a +0 flail
              (6 damage)
             ... on level 3 of the Dungeon.
             The game lasted 00:01:04 (2229 turns).

qw the Shooter (Gargoyle Hunter)                    Turns: 2229, Time: 00:01:05

Health: -2/37      AC:  9    Str: 14    XL:     6   Next: 54%
Magic:  6/6        EV: 10    Int: 10    God:
Gold:   72         SH:  0    Dex: 15    Spells: 5/5 levels left

rFire   . . .        Y - +0 shortbow
rCold   . . .        (shield currently unavailable)
rNeg    + . .        e - +0 ring mail
rPois   inf          (no helmet)
rElec   +            (no cloak)
rCorr   .            (no gloves)
SInv    .            (no boots)
Will    .....        (no amulet)
Stlth   +            (no ring)
HPRegen 0.26/turn    (no ring)
MPRegen 0.10/turn

%: no passive effects
@: no status effects
A: sickness immunity, AC +4, negative energy resistance 1, electricity
resistance, torment resistance 1, petrification resistance
a: no special abilities


You were on level 3 of the Dungeon.
You visited 1 branch of the dungeon, and saw 3 of its levels.

You collected 72 gold pieces.


Innate Abilities, Weirdness & Mutations

You are immune to sickness and miasma.
Your stone body is resilient. (AC +4)
You are immune to poison.
You resist negative energy. (rN+)
You are resistant to electric shocks. (rElec)
You are resistant to unholy torment.
You are immune to petrification.


   Skills:
 + Level 3.3 Fighting
 - Level 7.1 Ranged Weapons
 - Level 1.2 Armour
 - Level 1.5 Dodging
 - Level 1.1 Stealth


You had 5 spell levels left.
You didn't know any spells.
Your spell library was empty.

Inventory:

Hand Weapons
 Y - a +0 shortbow (weapon)
Armour
 e - a +0 ring mail (worn)
Jewellery
 b - a ring of fire
Scrolls
 c - a scroll of acquirement {unknown}
 d - a scroll of torment {unknown}
Potions
 a - a potion of mutation {unknown}
 h - a potion of heal wounds {unknown}

Dungeon Overview and Level Annotations

Branches:
Dungeon (3/15)

Altars:


Message History

The gnoll is severely wounded.
You shoot an arrow. The arrow hits the gnoll.
The gnoll is almost dead.
You shoot an arrow.
The arrow hits the gnoll but does no damage.
The gnoll is almost dead.
The gnoll hits you with a +0 club.
You shoot an arrow. The arrow hits the gnoll!
You kill the gnoll!
You shoot an arrow. The arrow barely misses the gnoll.
The gnoll hits you with a +0 club. The gnoll misses you.
You shoot an arrow. The arrow hits the gnoll.
The gnoll is severely wounded.
The gnoll barely misses you. x2
You shoot an arrow. The arrow hits the gnoll.
The gnoll is almost dead.
The gnoll closely misses you. The gnoll hits you with a +0 flail.
The gnoll hits you but does no damage. The gnoll barely misses you.
You shoot an arrow. The arrow hits the gnoll.
The gnoll is almost dead.
The gnoll barely misses you. The gnoll hits you but does no damage.
You shoot an arrow. The arrow barely misses the gnoll.
The gnoll closely misses you. The gnoll hits you with a +0 flail!
You shoot an arrow.
The arrow hits the gnoll but does no damage.
The gnoll is almost dead.
The gnoll barely misses you. The gnoll completely misses you.
You shoot an arrow. The arrow barely misses the gnoll.
The gnoll hits you with a +0 club. The gnoll barely misses you.
You shoot an arrow. The arrow closely misses the gnoll.
The gnoll hits you but does no damage. The gnoll hits you with a +0 flail.
You shoot an arrow. The arrow barely misses the gnoll.
The gnoll hits you but does no damage. The gnoll misses you.
You shoot an arrow. The arrow hits the gnoll.
You kill the gnoll!
The gnoll hits you with a +0 flail!
You shoot an arrow. The arrow hits the gnoll.
The gnoll is heavily wounded.
The gnoll hits you but does no damage. The gnoll hits you with a +0 flail.
You die...

'###.........################....
.###.........# #####.'....
.............# ##.....#....
(............# ######..#####....
.............# ##......## #....
####.........###....#### #....
#.........##.....# #....
####.........#......# ##....
...'.........#.#@...# #.....
####.........'.#)g..# #.....
#.........###....# #.....
#######...# #....# #..... #...#
#....# #..... #>.## #....# #.....
#..# #....# #..... #... ......
#..... +.... ######


You could see a gnoll.

Vanquished Creatures
  Grinder (D:3)
  6 gnolls
  2 worms (D:2)
  3 dart slugs (D:1)
  5 ball pythons
  4 endoplasms
  3 giant cockroaches (D:1)
  10 goblins
  11 hobgoblins
  4 jackals (D:1)
  2 quokkas (D:2)
  10 bats
  8 frilled lizards
  9 kobolds
  7 rats
85 creatures vanquished.

Notes
Turn   | Place    | Note
-------+----------+-------------------------------------------
     0 | D:1      | qw the Gargoyle Hunter began the quest for the Orb.
     0 | D:1      | Reached XP level 1. HP: 12/12 MP: 1/1
     0 | D:1      | 0 ||| qw: Version: 0.3-a-76-g4403597
     0 | D:1      | 0 ||| qw: Game counter: 468
     0 | D:1      | 0 ||| qw: Melee chars always use a shield: true
     0 | D:1      | 0 ||| qw: God list: Okawaru
     0 | D:1      | 0 ||| qw: Allow faded altars: false
     0 | D:1      | 0 ||| qw: Do Orc after clearing Dungeon:15 true
     0 | D:1      | 0 ||| qw: Do second Lair branch before Depths: true
     0 | D:1      | 0 ||| qw: Lair rune preference: random
     0 | D:1      | 0 ||| qw: Goals: Normal
     0 | D:1      | 0 ||| PLANNING D:1-11
    47 | D:1      | Found a faded altar of an unknown god.
    63 | D:1      | 63 ||| RETREATING.
    67 | D:1      | Reached XP level 2. HP: 17/17 MP: 2/2
   199 | D:1      | Reached XP level 3. HP: 14/21 MP: 3/3
   248 | D:1      | Reached skill level 5 in Ranged Weapons
   549 | D:1      | Reached skill level 3 in Fighting
   732 | D:1      | 732 ||| UPGRADING to +0 ring mail.
   742 | D:1      | 742 ||| DROPPING +0 leather armour.
   743 | D:1      | 743 ||| READING scroll labelled CEUN LESUUNOMUAMN.
   744 | D:1      | 744 ||| READING scroll labelled ZUITAE KUETH.
   745 | D:1      | 745 ||| READING scroll labelled YFE NIRUMMOLL.
   749 | D:1      | 749 ||| DROPPING scroll of butterflies.
   775 | D:2      | 775 ||| STAIRDANCE
   900 | D:2      | 900 ||| RETREATING.
   903 | D:2      | 903 ||| Stepping ~*~*~tactically~*~*~ (retreating).
   905 | D:2      | Reached skill level 1 in Armour
   905 | D:2      | Reached XP level 4. HP: 27/28 MP: 4/4
   908 | D:2      | 908 ||| Stepping ~*~*~tactically~*~*~ (retreating).
   909 | D:2      | 909 ||| Stepping ~*~*~tactically~*~*~ (retreating).
   918 | D:2      | HP: 5/28 [gnoll/+0 flail (5)]
  1327 | D:2      | Reached XP level 5. HP: 32/32 MP: 5/5
  1657 | D:2      | 1657 ||| READING scroll labelled POR TAAMULEDEU.
  1658 | D:2      | 1658 ||| READING scroll labelled FUEGHO SA MISS.
  1803 | D:3      | Noticed Grinder
  1812 | D:3      | Paralysed by Grinder for 3 turns
  1832 | D:3      | Paralysed by Grinder for 5 turns
  1840 | D:3      | Killed Grinder
  1841 | D:3      | Reached skill level 7 in Ranged Weapons
  1841 | D:3      | Reached XP level 6. HP: 12/37 MP: 6/6
  1891 | D:3      | 1891 ||| FLEEEEING.
  1892 | D:3      | 1892 ||| FLEEEEING.
  1893 | D:3      | 1893 ||| FLEEEEING.
  1894 | D:3      | 1894 ||| FLEEEEING.
  1895 | D:3      | 1895 ||| FLEEEEING.
  1896 | D:3      | 1896 ||| FLEEEEING.
  1899 | D:3      | 1899 ||| FLEEEEING.
  1900 | D:3      | 1900 ||| FLEEEEING.
  1901 | D:3      | 1901 ||| FLEEEEING.
  1902 | D:3      | 1902 ||| FLEEEEING.
  1903 | D:3      | 1903 ||| FLEEEEING.
  1904 | D:3      | 1904 ||| FLEEEEING.
  1905 | D:3      | 1905 ||| FLEEEEING.
  1906 | D:3      | 1906 ||| FLEEEEING.
  1907 | D:3      | 1907 ||| FLEEEEING.
  1908 | D:3      | 1908 ||| FLEEEEING.
  1909 | D:3      | 1909 ||| FLEEEEING.
  1912 | D:3      | 1912 ||| FLEEEEING.
  1913 | D:3      | 1913 ||| FLEEEEING.
  1914 | D:3      | 1914 ||| FLEEEEING.
  1915 | D:3      | 1915 ||| FLEEEEING.
  1918 | D:3      | 1918 ||| FLEEEEING.
  1919 | D:3      | 1919 ||| FLEEEEING.
  1920 | D:3      | 1920 ||| FLEEEEING.
  1921 | D:3      | 1921 ||| FLEEEEING.
  1922 | D:3      | 1922 ||| FLEEEEING.
  1923 | D:3      | 1923 ||| FLEEEEING.
  2228 | D:3      | HP: 4/37 [gnoll/+0 flail (7)]
  2229 | D:3      | Slain by a gnoll

Levels and vault maps discovered:
D:1:      lightli_arrival_noodles, layout_rooms,
          chequers_ecumenical_altar_twisty, serial_rivers,
          chequers_serial_rivers_micro_a, chequers_serial_rivers_small_3,
          chequers_serial_rivers_micro_c, chequers_serial_rivers_marsh,
          minmay_misc_feat_enclosed, minmay_lizard_pond
D:2:      layout_loops_corners, minmay_strange_pillars
D:3:      layout_basic, uniq_grinder

Skill      XL: |  1  2  3  4  5 |
---------------+----------------+-----
Ranged Weapons | 5 7 |  7.1
Fighting       | 3 |  3.3
Armour         | 1 |  1.2
Dodging        | |  1.5
Stealth        | |  1.1

Action                     |  1- 3 |  4- 6 || total
---------------------------+-------+-------++-------
   Fire: Shortbow          |   133 |   129 ||   262
    Use: Scroll            |     3 |     2 ||     5
 Armour: Leather armour    |    52 |       ||    52
         Ring mail         |     4 |    46 ||    50
  Dodge: Dodged            |    51 |    36 ||    87

Table legend:
 A = Non-vault XP
 B = Vault XP
 C = Vault XP percentage of total XP
 D = Non-vault monster count
 E = Vault monster count
 F = Vault count percentage of total count
                 A         B        C        D         E       F
            +---------+---------+-------+---------+---------+-------
      Total |     219 |     263 |  54.6 |      79 |       6 |   7.1
            +---------+---------+-------+---------+---------+-------
        D:1 |      69 |       5 |   6.8 |      37 |       5 |  11.9
        D:2 |     102 |       0 |   0.0 |      28 |       0 |   0.0
        D:3 |      48 |     258 |  84.3 |      14 |       1 |   6.7
            +---------+---------+-------+---------+---------+-------
